 Dungeon Crawl Stone Soup version 0.16.1-7-g2c6721e (webtiles) character file.

91 Jackel the Skirmisher (level 4, 0/37 HPs)
             Began as a Demonspawn Monk on Mar 30, 2015.
             Succumbed to a worker ant's poison
             ... on level 4 of the Dungeon.
             The game lasted 00:05:37 (2646 turns).

Jackel the Skirmisher (Demonspawn Monk)             Turns: 2646, Time: 00:05:37

Health: 0/37       AC:  4    Str: 12    XL:     4   Next: 34%
Magic:  4/4        EV: 14    Int: 12    God:
Gold:   185        SH:  0    Dex: 15    Spells: 0 memorised, 3 levels left

rFire  . . .     SeeInvis .     h - +0 mace
rCold  . . .     Clarity  .     t - +0 leather armour (curse)
rNeg   . . .     SustAb   .     (no shield)
rPois  .         Gourm    .     n - +1 hat
rElec  .         Spirit   .     (no cloak)
rCorr  .         Warding  .     (no gloves)
rMut   .         Stasis   .     (no boots)
MR     .....                    (no amulet)
Stlth  ++........               (no ring)
                                (no ring)

@: lethally poisoned (0 -> -8), not resistant to hostile enchantments,
unstealthy
A: repulsion field 1, powered by death 1
a: no special abilities


You were on level 4 of the Dungeon.
You were not hungry.

You visited 1 branch of the dungeon, and saw 4 of its levels.

You collected 185 gold pieces.

Inventory:

Hand weapons
 e - a +0 whip
 h - a +0 mace (weapon)
Armour
 m - a +0 large shield
 n - a +1 hat (worn)
 t - a cursed +0 leather armour (worn)
Jewellery
 k - an uncursed ring of magical power {unknown}
Scrolls
 a - 4 scrolls of enchant weapon {unknown}
Potions
 c - a potion of lignification {unknown}
 f - a potion of beneficial mutation {unknown}
 g - 3 potions of curing
 q - a potion of magic {unknown}
 s - a potion of cure mutation {unknown}
Comestibles
 b - 4 bread rations
 j - 2 beef jerkies
 o - a royal jelly


   Skills:
 - Level 3.7 Fighting
 * Level 3.0 Maces & Flails
 - Level 2.6 Dodging
 - Level 1.7 Stealth
 - Level 3.6 Unarmed Combat


You had 3 spell levels left.
You didn't know any spells.

Dungeon Overview and Level Annotations

Branches:
Dungeon (4/15)
 Temple: D:4-7

Altars:
Cheibriados
Dithmenos
Elyvilon
Gozag
Kikubaaqudgha
Ru
Xom
Zin


Innate Abilities, Weirdness & Mutations

You are surrounded by a mild repulsion field (EV +2).
You can steal the life force of nearby defeated enemies.


Message History

You feel sick. The worker ant closely misses you.
You hit the worker ant.
The worker ant is heavily wounded.
You feel sick. The worker ant closely misses you.
The worker ant closely misses you.
You hit the worker ant.
The worker ant is severely wounded.
You feel sick. The worker ant bites you.
You are more poisoned.
The worker ant poisons you!
You closely miss the worker ant.
The worker ant is severely wounded.
You feel sick. The worker ant closely misses you. The worker ant bites you.
You barely miss the worker ant.
The worker ant is severely wounded.
You feel sick. The worker ant bites you.
* * * LOW HITPOINT WARNING * * *
The worm bites you!
* * * LOW HITPOINT WARNING * * *
You die...

......#....###.♣......
..#..##....##♣.......
# ##..##...##♣_.....#
#..#....#♣......#
#.......#♣♣.....#
##...#####.....##
##a.## #.......
##)w.## ##.....#
##@.#..# #.#..##
###..##..## #...##
###..#####..# ##..#
#..#....## ##.## ##.##
........<# #..## #..#
....#....## ##..# #..#
. ###...## ##..###.##
##...###....#..##
##.............#


You could see a worm and a worker ant.

Vanquished Creatures
  An adder (D:2)
  A giant mite (D:3)
  2 worms (D:3)
  An orc (D:3)
  7 bats
  4 giant cockroaches
  9 goblins
  10 hobgoblins
  11 kobolds
  A ball python (D:2)
  6 giant newts
  9 rats
62 creatures vanquished.

Notes
Turn   | Place    | Note
--------------------------------------------------------------
     0 | D:1      | Jackel, the Demonspawn Monk, began the quest for the Orb.
     0 | D:1      | Reached XP level 1. HP: 18/18 MP: 1/1
   376 | D:1      | Gained mutation: You can steal the life force of nearby defeated enemies. [demonic ancestry]
   376 | D:1      | Reached XP level 2. HP: 16/24 MP: 2/2
  1089 | D:2      | Reached skill level 1 in Maces & Flails
  1253 | D:2      | Found a sacrificial altar of Ru.
  1277 | D:2      | Gained mutation: You are surrounded by a mild repulsion field (EV +2). [demonic ancestry]
  1277 | D:2      | Reached XP level 3. HP: 30/30 MP: 3/3
  1505 | D:2      | Found a shadowy altar of Dithmenos.
  1511 | D:2      | Found a white marble altar of Elyvilon.
  1511 | D:2      | Found a shimmering altar of Xom.
  1511 | D:2      | Found an opulent altar of Gozag.
  1515 | D:2      | Found a snail-covered altar of Cheibriados.
  1732 | D:3      | Found an ancient bone altar of Kikubaaqudgha.
  1797 | D:3      | Found an opulent altar of Gozag.
  2131 | D:3      | Reached XP level 4. HP: 37/37 MP: 4/4
  2468 | D:4      | Noticed an ogre
  2533 | D:4      | Found a glowing silver altar of Zin.
  2645 | D:4      | HP: 1/37 [worm (10)]
  2646 | D:4      | Succumbed to a worker ant's poison

Action                   |  1- 3 |  4- 6 || total
-------------------------+-------+-------++-------
Melee: Unarmed           |    56 |       ||    56
       Mace              |   127 |    40 ||   167
       Whip              |     4 |       ||     4
  Use: Scroll            |       |     5 ||     5
 Stab: Sleeping          |     4 |       ||     4
  Eat: Chunk             |     1 |       ||     1
       Meat ration       |     1 |       ||     1
